 Dungeon Crawl Stone Soup version 0.31-a0-1-g4198be8af4 (webtiles) character file.

Game seed: 15913862502786288153

12 Jase the Digger (level 2, -1/15 HPs)
             Began as a Gargoyle Earth Elementalist on May 1, 2023.
             Was a Follower of Okawaru.
             Slain by a gnoll
             ... wielding a +2 vampiric whip
              (3 damage)
             ... on level 2 of the Dungeon.
             The game lasted 00:01:57 (804 turns).

Jase the Digger (Gargoyle Earth Elementalist)        Turns: 804, Time: 00:01:57

Health: -1/15      AC:  4    Str: 11    XL:     2   Next: 33%
Magic:  1/5        EV: 11    Int: 15    God:    Okawaru [*.....]
Gold:   85         SH:  0    Dex: 10    Spells: 4/5 levels left

rFire   . . .        h - +0 dagger
rCold   . . .        (no shield)
rNeg    + . .        a - +0 robe
rPois   ∞            (no helmet)
rElec   +            (no cloak)
rCorr   .            (no gloves)
SInv    .            (no boots)
Will    .....        (no amulet)
Stlth   ++           (no ring)
HPRegen 0.22/turn    (no ring)
MPRegen 0.09/turn

%: no passive effects
@: no status effects
A: sickness immunity, AC +2, negative energy resistance 1, electricity
resistance, torment resistance 1, petrification resistance
a: Renounce Religion, Heroism


You were on level 2 of the Dungeon.
You worshipped Okawaru.
Okawaru was aware of your devotion.
You visited 1 branch of the dungeon, and saw 2 of its levels.

You collected 85 gold pieces.

Inventory:

Hand Weapons
 h - a +0 dagger (weapon)
Armour
 a - a +0 robe (worn)
Scrolls
 c - a scroll of vulnerability {unknown}
 e - 3 scrolls of identify {unknown}
 f - a scroll of fear {unknown}
Potions
 b - a potion of magic
 d - a potion of heal wounds {unknown}
 g - a potion of haste {unknown}


   Skills:
 - Level 1.5 Dodging
 - Level 2.1 Stealth
 - Level 2.0 Spellcasting
 - Level 1.0 Transmutations
 * Level 4.3 Earth Magic
 + Level 0.3 Invocations


You had 4 spell levels left.
You knew the following spells:

 Your Spells              Type           Power      Damage    Failure   Level
a - Sandblast             Erth           28%        2d8       3%          1

Your spell library contained the following spells:

 Spells                   Type           Power      Damage    Failure   Level
 Passwall                 Tmut/Erth      7%         N/A       11%         2
 Stone Arrow              Conj/Erth      16%        3d8       26%         3
 Petrify                  Tmut/Erth      9%         N/A       58%         4


Dungeon Overview and Level Annotations

Branches:
Dungeon (2/15)

Altars:
Okawaru


Innate Abilities, Weirdness & Mutations

You are immune to sickness and miasma.
Your stone body is resilient. (AC +2)
You are immune to poison.
You resist negative energy. (rN+)
You are resistant to electric shocks. (rElec)
You are resistant to unholy torment.
You are immune to petrification.


Message History

You climb downwards.
There is a stone staircase leading up here.
You open the door.
There is an open door here.
e - 3 scrolls labelled OBRAEKH OMNA (gained 1)
You open the door.
A gnoll comes into view. It is wielding a +0 spear.
The blast of sand hits the gnoll.
The gnoll is moderately wounded.
The blast of sand hits the gnoll!
The gnoll is almost dead.
You hear a shout!
A gnoll comes into view. It is wielding a +2 vampiric whip.
You hear a shout!
The gnoll attacks as you move away!
The gnoll hits you with a +2 vampiric whip.
The gnoll attacks as you move away!
The gnoll hits you with a +2 vampiric whip!
There is an open door here.
You are too injured to fight recklessly!
Casting: Sandblast (safe; 3% risk of failure)
Confirm with . or Enter, or press ? or * to list all spells.
Aiming: Sandblast (safe; 3% risk of failure)
Press: ? - help, Shift-Dir - straight line, f - gnoll
Aim: a gnoll, wielding a +2 vampiric whip (84% to hit)
The blast of sand hits the gnoll.
The gnoll is heavily wounded.
The gnoll misses you.
Unknown command.
Casting: Sandblast (safe; 3% risk of failure)
Confirm with . or Enter, or press ? or * to list all spells.
Aiming: Sandblast (safe; 3% risk of failure)
Press: ? - help, Shift-Dir - straight line, f/p - gnoll
Aim: a gnoll, wielding a +2 vampiric whip (heavily wounded, 84% to hit)
The blast of sand hits the gnoll.
The gnoll is almost dead.
The gnoll hits you with a +2 vampiric whip.
* * * LOW HITPOINT WARNING * * *
The gnoll hits you with a +2 vampiric whip.
You die...

#### #...###
+.g.'.# #.# # #.#
#.#g#
#.#@##########
###.............
..........########
..............#
####......###.#
........# #.#
#####....# #<#
#....# #.# ######
#.#


You could see a gnoll.

Vanquished Creatures
  A giant cockroach (D:1)
  2 goblins (D:1)
  A hobgoblin (D:1)
  A quokka (D:1)
  2 ball pythons (D:1)
  A bat (D:1)
  2 kobolds (D:1)
  4 rats (D:1)
14 creatures vanquished.

Notes
Turn   | Place    | Note
-------+----------+-------------------------------------------
     0 | D:1      | Jase the Gargoyle Earth Elementalist began the quest for
                  | the Orb.
     0 | D:1      | Reached XP level 1. HP: 10/10 MP: 3/3
   110 | D:1      | Reached skill level 1 in Transmutations
   322 | D:1      | Reached skill level 4 in Earth Magic
   329 | D:1      | Reached XP level 2. HP: 8/15 MP: 0/5
   411 | D:1      | Found a faded altar of an unknown god.
   424 | D:1      | Prayed at the altar of an unknown god.
   424 | D:1      | Became a worshipper of Warmaster Okawaru
   424 | D:1      | Reached * piety under Okawaru
   804 | D:2      | Slain by a gnoll

Illustrated notes

Levels and vault maps discovered:
D:1:      dpeg_arrival_arbitrary_b, layout_loops_ring,
          shapermc_ecumenical_altar_mp_ritualfount, minmay_cupped
D:2:      layout_basic, basic_altar, serial_shops, shop, shop, shop, shop,
          nicolae_shop_rolled_up, uniq_terence

Skill      XL: |  1 |
---------------+----+-----
Transmutations | 1 |  1.0
Earth Magic    | 4 |  4.3
Dodging        | |  1.5
Stealth        | |  2.1
Spellcasting   | |  2.0
Invocations    | |  0.3

Action                     || total
---------------------------++-------
  Melee: Short sword       ||     6
         Dagger            ||     1
   Cast: Sandblast         ||    19
 Armour: Robe              ||     4
  Dodge: Dodged            ||     2

Table legend: (Time is in decaauts)
 A = Elapsed time spent in this place.
 B = Non-inter-level travel time spent in this place.
 C = Inter-level travel time spent in this place.
 D = Time resting spent in this place.
 E = Time spent auto-exploring this place.
 F = Levels seen in this place.
 G = Mean time per level.
                   A        B        C        D        E       F      G
               +--------+--------+--------+--------+--------+-----+--------+
         Total |    812 |    800 |     12 |     57 |    629 |   2 |  406.0 |
       Dungeon |    812 |    800 |     12 |     57 |    629 |   2 |  406.0 |
               +--------+--------+--------+--------+--------+-----+--------+

Top non-repeatable levels by time:
     D:1: 783 daAuts
     D:2: 29 daAuts
